AoeStats
← 17_Neo_

Runestones

508032838Analyzed
1v1 RM · 12d ago on Sep 20, 2026· 33m 37s· 2 players
Game mode
Random Map
Map size
Tiny (2 player)
Population
200
Speed
Normal
Resources
Standard
Victory
Conquest
Starting age
Dark Age
Ending age
Imperial Age
RankedLock teamsTeams togetherTeam positionsShared explorationLock speedFull tech treeHidden civsTurbo modeCheats
Victory
Defeat
🇳🇱 Wei · Netherlands
1673
+14
🇨🇴 Mongols · Colombia
1638
-14
17_Neo_
9:49 Loom
11:34 Feudal Age
13:00 Double-Bit Axe
15:48 Castle Age
13:44 Horse Collar
14:34 Fletching
18:23 Ballistics
20:36 Bodkin Arrow
22:51 Bloodlines
26:06 Gold Mining
28:33 Padded Archer Armor
33:31 Scale Barding Armor
33:37 Forging
r9maximus
8:26 Feudal Age
8:52 Double-Bit Axe
8:48 Horse Collar
10:17 Gold Mining
10:18 Stone Mining
13:18 Wheelbarrow
17:56 Castle Age
16:10 Fletching
17:00 Padded Archer Armor
18:44 Bodkin Arrow
19:03 Bow Saw
18:57 Loom
19:33 Leather Archer Armor
19:30 Elite Skirmisher
20:59 Heavy Plow
22:05 Ballistics
22:04 Town Watch
26:53 Stone Shaft Mining
26:53 Gold Shaft Mining
26:35 Hand Cart
30:08 Scale Barding Armor
30:13 Forging
33:18 Imperial Age
33:11 Chain Barding Armor
33:26 Iron Casting
Connection lost

Rejoining the realm…

Still unreachable

The connection could not be restored.

Session expired

The server has moved on; the page needs a fresh start.